 Dungeon Crawl Stone Soup version 0.29.0-4-gdea44cf6ec (webtiles) character file.

Game seed: 6217445224980890528

442 qw the Chopper (level 7, -4/40 HPs)
             Began as a Tengu Warper on Aug 28, 2022.
             Was an Initiate of Okawaru.
             Slain by Edmund
             ... wielding a +2 dire flail of protection
              (10 damage)
             ... on level 5 of the Dungeon.
             The game lasted 00:00:25 (4774 turns).

qw the Chopper (Tengu Warper)                       Turns: 4774, Time: 00:00:26

Health: -4/40      AC: 14    Str: 13    XL:     7   Next: 2%
Magic:  11/11      EV:  5    Int: 13    God:    Okawaru [......]
Gold:   277        SH:  0    Dex: 14    Spells: 10/10 levels left

rFire   . . .      SeeInvis .   Y - +0 hand axe
rCold   . . .      Faith    .   (no shield)
rNeg    . . .      Spirit   .   a - +0 plate armour
rPois   .          Reflect  .   (helmet restricted)
rElec   .          Harm     .   j - +1 cloak
rCorr   .          Rampage  .   e - +0 pair of gloves
Will    .....                   (boots unavailable)
Stlth   ..........              (no amulet)
HPRegen 0.13/turn               (no ring)
MPRegen 0.12/turn               (no ring)

@: flying quickly and evasively, quick
A: beak, talons 3, nimble flight
a: Renounce Religion


You were on level 5 of the Dungeon.
You worshipped Okawaru.
Okawaru was noncommittal.
You visited 2 branches of the dungeon, and saw 6 of its levels.

You collected 277 gold pieces.


Innate Abilities, Weirdness & Mutations

You have a beak for a mouth.
You have claws for feet.
Your magical nature lets you fly swiftly and evasively.


   Skills:
 + Level 2.0 Fighting
 - Level 7.4 Axes
 - Level 1.0 Throwing
 - Level 3.0 Armour
 - Level 2.1 Dodging
 - Level 2.0 Spellcasting
 - Level 2.4 Translocations


You had 10 spell levels left.
You didn't know any spells.
Your spell library contained the following spells:

 Spells                   Type           Power      Damage    Failure   Level
 Blink                    Tloc           14%        N/A       100%        2
 Gell's Gravitas          Tloc           7%         N/A       100%        3
 Lesser Beckoning         Tloc           7%         N/A       100%        3
 Teleport Other           Tloc           7%         N/A       100%        3
 Manifold Assault         Tloc           7%         N/A       100%        5

Inventory:

Hand Weapons
 b - a +0 flail
 Y - a +0 hand axe (weapon)
Armour
 a - a +0 plate armour (worn)
 e - a +0 pair of gloves (worn)
 j - a +1 cloak (worn)
Jewellery
 d - a ring of ice
Scrolls
 f - a scroll of brand weapon {unknown}
 g - a scroll of noise {unknown}
 l - a scroll of fog {unknown}
 m - 2 scrolls of teleportation {unknown}
 n - a scroll of identify
 p - a scroll of enchant armour {unknown}
 q - a scroll of silence {unknown}
Potions
 c - a potion of might
 h - a potion of haste
 i - 2 potions of attraction {unknown}
 k - a potion of heal wounds {unknown}
 o - a potion of cancellation {unknown}

Dungeon Overview and Level Annotations

Branches:
Dungeon (5/15)             Temple (1/1) D:4

Altars:
Ashenzari
Dithmenos
Fedhas
Hepliaklqana
Kikubaaqudgha
Nemelex Xobeh
Okawaru
Qazlal
Uskayaw
Xom

Annotations:
D:5 Edmund


Message History

Found a stone staircase leading down.
l - a scroll labelled UMNI POARASORR
There is a stone staircase leading down here.
q - a scroll labelled LEAKHL QARPH Edmund the Younger comes into view.
He is wielding a +2 dire flail of protection and wearing a +2 chain mail of willpower.
Edmund shouts!
You completely miss Edmund.
Edmund hits you with a +2 dire flail of protection.
You hit Edmund but do no damage. Your peck misses Edmund.
Edmund hits you but does no damage.
You hit Edmund but do no damage. You claw Edmund.
Edmund is lightly wounded.
Edmund hits you with a +2 dire flail of protection!
You barely miss Edmund. You claw Edmund.
Edmund is lightly wounded.
Edmund hits you but does no damage.
You hit Edmund.
Edmund is moderately wounded.
Edmund completely misses you.
You hit Edmund but do no damage. You claw Edmund, but do no damage.
Edmund is moderately wounded.
Edmund hits you with a +2 dire flail of protection.
You hit Edmund but do no damage.
Edmund is moderately wounded.
Edmund hits you with a +2 dire flail of protection.
You hit Edmund but do no damage. You peck Edmund.
Edmund is moderately wounded.
Edmund hits you with a +2 dire flail of protection!
You hit Edmund. You claw Edmund, but do no damage.
Edmund is moderately wounded.
You hit Edmund but do no damage. Your peck misses Edmund.
Edmund is moderately wounded.
Edmund hits you with a +2 dire flail of protection.
You hit Edmund but do no damage. You claw Edmund.
Edmund is moderately wounded.
Edmund hits you but does no damage.
You hit Edmund but do no damage. Your kick misses Edmund. You peck Edmund.
Edmund is moderately wounded.
Edmund hits you with a +2 dire flail of protection!
You die...

# ## ...... .# ##..... .##
#...... ..# ##########....#
..###...#.........#
..................#
................@.#
....##...##.....@.# ...
.....##...........###..## .
......##.##....#....#...##.
..##......................
.####.....#.............#
.####.##..#........#...#
.......#..#.#...)......###
..##.#.##...#............#
...###...#...............#


You could see Edmund.

Vanquished Creatures
  Menkaure (D:4)
  A water moccasin (D:5)
  2 iguanas
  6 gnolls (D:4)
  An ufetubus (D:5)
  2 worms (D:3)
  3 dart slugs
  6 orcs
  6 ball pythons
  11 bats
  3 endoplasms
  3 giant cockroaches
  6 goblins
  8 hobgoblins
  4 quokkas
  5 frilled lizards
  6 kobolds
  2 rats
76 creatures vanquished.

Notes
Turn   | Place    | Note
-------+----------+-------------------------------------------
     0 | D:1      | qw the Tengu Warper began the quest for the Orb.
     0 | D:1      | Reached XP level 1. HP: 12/12 MP: 4/4
     0 | D:1      | 0 ||| qw: Version: 0.1-a-89-g26bdef1
     0 | D:1      | 0 ||| qw: Game counter: 2893
     0 | D:1      | 0 ||| qw: Always use a shield: true
     0 | D:1      | 0 ||| qw: God list: Okawaru
     0 | D:1      | 0 ||| qw: Allow faded altars: false
     0 | D:1      | 0 ||| qw: Do Orc after D:15 true
     0 | D:1      | 0 ||| qw: Do second Lair branch before Depths: true
     0 | D:1      | 0 ||| qw: Lair rune preference: random
     0 | D:1      | 0 ||| qw: Plans: Normal
     0 | D:1      | 0 ||| PLANNING D:1-11
   146 | D:1      | 146 ||| Stepping ~*~*~tactically~*~*~ (hiding).
   214 | D:1      | Reached skill level 3 in Axes
   214 | D:1      | Reached XP level 2. HP: 17/17 MP: 6/6
   583 | D:1      | 583 ||| Stepping ~*~*~tactically~*~*~ (stealth).
  1015 | D:1      | 1015 ||| UPGRADING to +0 pair of gloves.
  1020 | D:1      | 1020 ||| READING scroll labelled DERUHA TECAOSM.
  1021 | D:1      | 1021 ||| READING scroll labelled NAYGHA KAMN.
  1022 | D:1      | 1022 ||| READING scroll labelled WIUKUNAKIF.
  1023 | D:1      | 1023 ||| DROPPING scroll of blinking.
  1071 | D:2      | Reached XP level 3. HP: 19/21 MP: 7/7
  1459 | D:2      | Reached skill level 4 in Axes
  1572 | D:2      | 1572 ||| FLEEEEING.
  1826 | D:2      | 1826 ||| UPGRADING to +0 plate armour.
  1836 | D:2      | 1836 ||| DROPPING +0 leather armour.
  1837 | D:2      | 1837 ||| UPGRADING to +1 cloak.
  1878 | D:3      | 1878 ||| STAIRDANCE
  1931 | D:3      | 1931 ||| STAIRDANCE
  1972 | D:3      | 1972 ||| STAIRDANCE
  2355 | D:3      | Reached XP level 4. HP: 26/26 MP: 8/8
  2386 | D:3      | 2386 ||| Stepping ~*~*~tactically~*~*~ (stealth).
  2678 | D:3      | 2678 ||| DRINKING 2 golden potions.
  2679 | D:3      | 2679 ||| DRINKING 2 yellow potions.
  2680 | D:3      | 2680 ||| READING 4 scrolls of identify.
  2680 | D:3      | 2680 ||| IDENTIFYING puce potion
  2681 | D:3      | 2681 ||| READING 3 scrolls of identify.
  2681 | D:3      | 2681 ||| IDENTIFYING emerald potion
  2682 | D:3      | 2682 ||| READING 2 scrolls of identify.
  2682 | D:3      | 2682 ||| IDENTIFYING ruby potion
  2683 | D:3      | 2683 ||| DROPPING potion of brilliance.
  2684 | D:3      | 2684 ||| DROPPING potion of degeneration.
  2931 | D:4      | 2931 ||| DROPPING +1 mace of protection.
  3133 | D:4      | Reached skill level 5 in Axes
  3134 | D:4      | 3134 ||| Stepping ~*~*~tactically~*~*~ (stealth).
  3149 | D:4      | Gained mutation: Your magical nature lets you fly swiftly
                  | and evasively. [Tengu growth]
  3149 | D:4      | Reached XP level 5. HP: 29/30 MP: 9/9
  3149 | D:4      | 3149 ||| Stepping ~*~*~tactically~*~*~ (hiding).
  3354 | D:4      | 3354 ||| Stepping ~*~*~tactically~*~*~ (hiding).
  3488 | D:4      | Noticed Menkaure
  3489 | D:4      | 3489 ||| Stepping ~*~*~tactically~*~*~ (hiding).
  3501 | D:4      | Killed Menkaure
  3502 | D:4      | Reached skill level 6 in Axes
  3502 | D:4      | Reached XP level 6. HP: 16/35 MP: 10/10
  3692 | D:4      | Found a staircase to the Ecumenical Temple.
  3693 | D:4      | 3693 ||| PLANNING TEMPLE
  3701 | Temple   | Entered the Ecumenical Temple
  3714 | Temple   | 3714 ||| PLANNING D:1-11
  3959 | D:4      | Found an ancient bone altar of Kikubaaqudgha.
  4048 | D:4      | Found an iron altar of Okawaru.
  4056 | D:4      | Became a worshipper of Warmaster Okawaru
  4328 | D:5      | Entered Level 5 of the Dungeon
  4433 | D:5      | Reached skill level 3 in Armour
  4492 | D:5      | Noticed a water moccasin
  4504 | D:5      | HP: 8/35 [water moccasin (3)]
  4505 | D:5      | HP: 3/35 [water moccasin (3)]
  4506 | D:5      | Killed a water moccasin
  4507 | D:5      | Reached skill level 7 in Axes
  4507 | D:5      | Reached XP level 7. HP: 3/40 MP: 11/11
  4507 | D:5      | 4507 ||| DRINKING potion of curing.
  4507 | D:5      | 4507 ||| (to cure poison)
  4757 | D:5      | Noticed Edmund
  4772 | D:5      | HP: 6/40 [Edmund/+2 dire flail of protection (5)]
  4774 | D:5      | Slain by Edmund

Levels and vault maps discovered:
D:1:      ncdulo_watergridlock, layout_basic, minmay_split_cup_small
D:2:      layout_loops_ring
D:3:      layout_basic
D:4:      layout_basic, okawaru_altar_gauntlet_db,
          nicolae_kikubaaqudgha_miasma_corner, lemuel_temple_firewalk_a,
          uniq_menkaure
D:5:      layout_cave_pools, mainiacjoe_overflow_big_doors, uniq_edmund
Temple:   hellmonk_temple_two_chambers

Skill      XL: |  1  2  3  4  5  6 |
---------------+-------------------+-----
Axes           | 3 4 5 6 7 |  7.4
Armour         | 2 3 |  3.0
Fighting       | |  2.0
Throwing       | |  1.0
Dodging        | |  2.1
Spellcasting   | |  2.0
Translocations | |  2.4

Action                   |  1- 3 |  4- 6 |  7- 9 || total
-------------------------+-------+-------+-------++-------
Melee: Hand axe          |    96 |   107 |    12 ||   215
       Kick              |    26 |    27 |     5 ||    58
       Punch             |     1 |       |       ||     1
       Peck              |    15 |    22 |     2 ||    39
Throw: Boomerang         |     7 |       |       ||     7
  Use: Scroll            |     3 |     3 |       ||     6
       Potion            |       |     2 |     1 ||     3
Armor: Leather armour    |    22 |       |       ||    22
       Plate armour      |    34 |    55 |     3 ||    92
Dodge: Dodged            |    41 |    14 |     1 ||    56

Table legend:
 A = Non-vault XP
 B = Vault XP
 C = Vault XP percentage of total XP
 D = Non-vault monster count
 E = Vault monster count
 F = Vault count percentage of total count
                 A         B        C        D         E       F
            +---------+---------+-------+---------+---------+-------
      Total |     417 |     215 |  34.0 |      66 |      10 |  13.2
            +---------+---------+-------+---------+---------+-------
        D:1 |      27 |       4 |  12.9 |      17 |       3 |  15.0
        D:2 |      27 |       0 |   0.0 |      15 |       0 |   0.0
        D:3 |      31 |       0 |   0.0 |      13 |       0 |   0.0
        D:4 |     124 |     211 |  63.0 |      18 |       7 |  28.0
        D:5 |     208 |       0 |   0.0 |       3 |       0 |   0.0
            +---------+---------+-------+---------+---------+-------
